cohdb
Replays
Latest Replays
All Replays
Popular Replays
Top Player Replays
Match Explorer
How It Works
Community
CoH3 Stats
Reddit
Sign in to upload your games and track your stats! →
Sign in with Steam
Match 45757351
Unlisted
Match 45757351
Overview
Messages
Build Orders
End
Scout Squad
Construct Barracks
Construct Weapon Support Center
M1919 Machine Gun Team
M1919 Machine Gun Team
Engineer Squad
Infantry Support Center
Bazooka Squad
Engineer Squad
Engineer Squad
Bazooka Squad
Construct Tank Depot
M4A1 Sherman Medium Tank
Construct Medical Station
Selects Heavy Weapons
Selects Assault Carriers
Selects M2HB .50cal Heavy Machine Gun
M1919 Machine Gun Team
M4A1 Sherman Medium Tank
Selects Exchangeable Parts
Scout Squad
Selects M26 Pershing Heavy Tank
M26 Pershing Heavy Tank
Mortar Pit
Mortar Pit
mrce
oziligath
0
0
Comments
sign in to comment!
No comments posted yet!